 Dungeon Crawl Stone Soup version 0.27-a0-1312-g5cdb2b3542 (webtiles) character file.

Game seed: 6126134767095091732

167849 Delamore the Impaler (level 18, -1/149 HPs)
             Began as a Formicid Fighter on June 19, 2021.
             Was an Initiate of Gozag.
             Succumbed to a redback's poison
             ... on level 4 of the Spider Nest.
             The game lasted 00:37:38 (30636 turns).

Delamore the Impaler (Formicid Fighter)            Turns: 30636, Time: 00:37:38

Health: -1/149     AC: 29    Str: 27    XL:     18   Next: 56%
Magic:  18/18      EV:  9    Int: 17    God:    Gozag
Gold:   1257       SH: 15    Dex: 11    Spells: 17/17 levels left

rFire    + + .     SeeInvis +   U - +8 lajatang of Anxiety {flame, *Rage Will+ Stlth+}
rCold    + . .     Faith    .   c - +1 kite shield
rNeg     + . .     Spirit   .   K - +12 chain mail "Kiastryoki" {rN+ Regen+ Int+7 Dex-2}
rPois    .         Reflect  .   (helmet unavailable)
rElec    +         Harm     .   a - scarf {rC+ rF+}
rCorr    +         Rampage  .   J - +1 pair of gloves
Will     ++...                  y - +1 pair of boots "Ocim Ycsug" {rElec Dex+3}
Stlth    ..........             Y - amulet of regeneration
HPRegen  2.34/turn              r - ring of resist corrosion
MPRegen  0.16/turn              L - ring of protection from fire

@: lethally poisoned (-1 -> -59), studying Bows
A: permanent stasis, dig shafts and tunnels, antennae 3, four strong arms
a: Dig, Shaft Self, Renounce Religion, Potion Petition, Call Merchant, Bribe
Branch


You were on level 4 of the Spider Nest.
You worshipped Gozag.
Gozag was most pleased with you.
You visited 4 branches of the dungeon, and saw 27 of its levels.
You also visited: Ice Cave and Volcano.

You collected 11579 gold pieces.
You spent 2547 gold pieces at shops.
You paid 7775 gold pieces to Gozag.

Inventory:

Hand Weapons
 B - a +4 trident
 R - the +3 lajatang of the Blind Eye {vorpal, *Rage rC+ rCorr Stlth+}
   (You bought it in a shop on level 6 of the Lair of Beasts)

   It inflicts extra damage upon your enemies.
   It protects you from cold.
   It may make you go berserk in combat.
   It protects you from acid and corrosion.
   It makes you more stealthy.
 U - the +8 lajatang of Anxiety (weapon) {flame, *Rage Will+ Stlth+}
   (You found it on level 12 of the Dungeon)

   It has been specially enchanted to burn those struck by it, causing extra
   injury to most foes and up to half again as much damage against particularly
   susceptible opponents.
   Big, fiery blades are also staple armaments of hydra-hunters.
   It may make you go berserk in combat.
   It increases your willpower.
   It makes you more stealthy.
 V - a +1 lajatang of distortion
Missiles
 g - 9 curare-tipped darts
 j - 30 boomerangs (quivered)
 q - 3 throwing nets
 x - 51 poisoned darts
 F - 8 boomerangs of dispersal
 P - 2 javelins
Armour
 a - a scarf of resistance (worn)
 c - a +1 kite shield (worn)
 y - the +1 pair of boots "Ocim Ycsug" (worn) {rElec Dex+3}
   (You found it on level 6 of the Dungeon)

   It affects your dexterity (+3).
   It insulates you from electricity.
 J - a +1 pair of gloves (worn)
 K - the +12 chain mail "Kiastryoki" (worn) {rN+ Regen+ Int+7 Dex-2}
   (You found it on level 4 of the Lair of Beasts)

   It affects your intelligence (+7).
   It affects your dexterity (-2).
   It protects you from negative energy.
   It increases your rate of health regeneration.
Jewellery
 b - a ring of protection from cold
 i - a ring of positive energy
 p - a +6 ring of strength
 r - a ring of resist corrosion (left hand)
 t - a ring of fire
 L - a ring of protection from fire (right hand)
 O - a ring of fire
 Y - an amulet of regeneration (around neck)
 Z - a ring of protection from cold
Wands
 h - a wand of mindburst (15)
 w - a wand of polymorph (26)
 C - a wand of acid (13)
 E - a wand of paralysis (26)
 S - a wand of iceblast (14)
Scrolls
 e - 5 scrolls of silence
 k - 2 scrolls of identify
 o - 5 scrolls of enchant weapon
 u - 9 scrolls of amnesia
 D - 3 scrolls of magic mapping
 G - 3 scrolls of fear
 H - 4 scrolls of fog
 I - 2 scrolls of enchant armour
 M - 2 scrolls of immolation
 N - 2 scrolls of holy word
Potions
 d - 4 potions of might
 f - 3 potions of brilliance
 l - 5 potions of flight
 m - 5 potions of curing
 n - 5 potions of heal wounds
 s - 3 potions of cancellation
 v - a potion of magic {unknown}
 z - a potion of invisibility
 A - a potion of ambrosia
 Q - 5 potions of resistance
 X - a potion of mutation
Miscellaneous
 T - a condenser vane


   Skills:
 - Level 15.0 Fighting
 - Level 16.5(17.3) Polearms
 - Level 9.3(14.0) Staves
 + Level 9.0 Throwing
 + Level 12.1 Armour
 - Level 15.0 Shields
 + Level 12.1 Evocations


You had 17 spell levels left.
You didn't know any spells.
Your spell library contained the following spells:

 Spells                   Type           Power      Damage    Failure   Level
 Animate Skeleton         Necr           0%         N/A       67%         1
 Apportation              Tloc           0%         N/A       67%         1
 Beastly Appendage        Tmut           0%         N/A       67%         1
 Corona                   Hex            0%         N/A       67%         1
 Freeze                   Ice            0%         1d3       67%         1
 Sandblast                Erth           0%         2d4       67%         1
 Summon Small Mammal      Summ           0%         N/A       67%         1
 Call Imp                 Summ           0%         N/A       82%         2
 Corpse Rot               Necr/Air       N/A        N/A       82%         2
 Poisonous Vapours        Pois/Air       0%         N/A       82%         2
 Sublimation of Blood     Necr           0%         N/A       82%         2
 Wereblood                Tmut           0%         N/A       82%         2
 Call Canine Familiar     Summ           0%         N/A       96%         3
 Conjure Flame            Conj/Fire      0%         6-21      96%         3
 Frozen Ramparts          Ice            0%         1d2       96%         3
 Mephitic Cloud           Conj/Pois/Air  0%         N/A       96%         3
 Ozocubu's Armour         Ice            0%         N/A       96%         3
 Spider Form              Tmut/Pois      0%         N/A       96%         3
 Summon Guardian Golem    Hex/Summ       0%         N/A       96%         3
 Animate Armour           Summ/Erth      0%         N/A       100%        4
 Dispel Undead            Necr           0%         3d6       100%        4
 Hailstorm                Conj/Ice       0%         3d3       100%        4
 Ice Form                 Ice/Tmut       0%         N/A       100%        4
 Leda's Liquefaction      Hex/Erth       0%         N/A       100%        4
 Petrify                  Tmut/Erth      0%         N/A       100%        4
 Summon Ice Beast         Ice/Summ       0%         N/A       100%        4
 Summon Lightning Spire   Summ/Air       0%         N/A       100%        4
 Agony                    Necr           0%         N/A       100%        5
 Excruciating Wounds      Necr           0%         N/A       100%        5
 Freezing Cloud           Conj/Ice/Air   0%         6-21      100%        5
 Metabolic Englaciation   Hex/Ice        0%         N/A       100%        5
 Silence                  Hex/Air        0%         N/A       100%        5
 Conjure Ball Lightning   Conj/Air       0%         3x3d6     100%        6
 Statue Form              Tmut/Erth      0%         N/A       100%        6
 Storm Form               Tmut/Air       0%         N/A       100%        7


Dungeon Overview and Level Annotations

Branches:
Dungeon (15/15)            Temple (0/1) D:6            Lair (6/6) D:10
 Shoals (0/4) Lair:2       Spider (4/4) Lair:3        Slime (0/5) Lair:5
    Orc (2/2) D:12            Elf (0/3) Orc:2        Vaults (0/5) D:13
 Depths (0/5) D:15          IceCv (visited)         Volcano (visited)

Altars:
Ashenzari
Cheibriados
Dithmenos
Elyvilon
Fedhas
Gozag
Hepliaklqana
Kikubaaqudgha
Okawaru
Sif Muna
Vehumet
Xom
Zin
Beogh

Shops:
D:1 ::*!?   D:9 (   D:12 [   D:14 [   Orc:1 [   Orc:2 ?*?[   Lair:1 ?
Lair:4 !   Lair:6 (   Spider:2 [

Annotations:
Lair:2 1 runed translucent door, crabbyslav's ghost, journeyman DsVM


Innate Abilities, Weirdness & Mutations

You cannot be hasted, slowed, berserked, paralysed or teleported.
You can dig through walls and to a lower floor.
You have a pair of large antennae on your head. (SInv)
Your four strong arms can wield two-handed weapons with a shield.


Message History

You feel very sick. The redback bites you!
You are more poisoned.
The redback poisons you!
You closely miss the emperor scorpion.
You feel extremely sick.
The orb spider is no longer distracted by gold.
The emperor scorpion stings you!
You are more poisoned.
The emperor scorpion poisons you!
The emperor scorpion closely misses you.
The emperor scorpion claws you but does no damage.
You are too injured to fight recklessly!
You are too injured to fight recklessly!
You are too injured to fight recklessly!
You are too injured to fight recklessly!
You are too injured to fight recklessly!
You are too injured to fight recklessly!
You are too injured to fight recklessly!
You are too injured to fight recklessly!
You are too injured to fight recklessly!
You are too injured to fight recklessly!
You are too injured to fight recklessly!
You are too injured to fight recklessly!
You feel extremely sick.
The orb spider is no longer distracted by gold.
The redback bites you!
You see here 6 gold pieces.
You feel extremely sick. You block the redback's attack.
You see here 6 gold pieces.
You feel extremely sick.
You feel extremely sick.
A redback comes into view.
The redback bites you!
* * * LOW HITPOINT WARNING * * *
You are lethally poisoned!
The redback poisons you!
You die...
Your body crumbles into a pile of gold.

{{{ #.≈≈$ ...≈ ..... .≈^≈.
####### ########## ......
^......##^.$.^..s###s.....
......$...$<...s($$$......
..........$$$@.s$s$.......
...^.....^$$...s.$......^.
.........^..^.............
^.............$...........
......^............^......
....#.....................
...###......^............!
.# .............^.......


You could see an emperor scorpion, 2 orb spiders and 3 redbacks.

Vanquished Creatures
  Roxanne (D:14)
  A ghost moth (Spider:3)
  2 emperor scorpions
  A stone giant (D:15)
  A spark wasp (Spider:3)
  5 entropy weavers
  A dire elephant (Lair:6)
  Snorg (D:13)
  Josephine (Orc:2)
  A fire dragon (Volcano)
  3 boulder beetles
  2 ice dragons (IceCv)
  4 vault guards (D:13)
  9 hydras
  An ogre mage (D:15)
  7 two-headed ogres
  4 ghost crabs (D:12)
  7 centaur warriors
  10 death yaks (Lair:6)
  3 catoblepae
  A death knight (D:14)
  2 tengu warriors (D:15)
  A deep troll shaman (Lair:6)
  A hell hog (Volcano)
  5 fire crabs (D:12)
  2 phantasmal warriors (D:14)
  An orc knight (Orc:2)
  14 wolf spider zombies (Spider:2)
  A necromancer (Spider:2)
  6 cyclopes
  4 oklob plants (Lair:6)
  15 orb spiders
  14 wolf spiders
  15 ugly things
  3 orc sorcerers
  6 moths of wrath
  4 manticores
  16 elephants
  An apocalypse crab (D:12)
  A merfolk siren (Lair:2)
  7 black mambas
  2 gargoyles (D:13)
  2 ice statues (IceCv)
  2 molten gargoyles (Volcano)
  A kobold demonologist (D:9)
  A torpor snail (Lair:6)
  18 cane toads
  8 rime drakes
  7 komodo dragons
  A freezing wraith (D:14)
  5 redback zombies (Spider:2)
  11 demonic crawlers
  An efreet (D:13)
  32 jumping spiders
  3 meliai (D:15)
  A polar bear (Lair:6)
  Grinder (D:6)
  6 trolls
  4 hornets
  13 slime creatures
  A blink frog (shapeshifter) (D:15)
  11 blink frogs
  8 tarantella zombies (Spider:2)
  5 dream sheep (Lair:6)
  20 tarantellas
  2 shadows
  7 wraiths
  A centaur simulacrum (D:15)
  A water elemental (D:15)
  51 redbacks
  A vampire (D:12)
  5 wyverns
  A steam dragon (Volcano)
  5 basilisks
  A human (shapeshifter) (D:15)
  2 humans (D:11)
  12 fire bats (Volcano)
  72 yaks
  7 vampire mosquitoes (D:14)
  2 wargs
  An acid dragon (D:10)
  A hell hound (Volcano)
  11 water moccasins
  A sky beast (D:6)
  16 ice beasts
  27 orc warriors
  2 black bears
  2 necrophages
  7 ogres
  20 wolves
  A phantom (D:6)
  17 centaurs
  A kobold brigand (D:8)
  Blork the orc (D:6)
  12 bullfrogs
  A gnoll sergeant (D:8)
  A water moccasin skeleton (D:6)
  8 wights
  6 electric eels
  6 lava snakes (Volcano)
  A gnoll shaman (D:10)
  6 hounds
  A centaur zombie (D:8)
  2 jellies
  11 orc priests
  Crazy Yiuf (D:3)
  A centaur skeleton (D:6)
  Jessica (D:3)
  10 orc wizards
  2 iguanas
  A scorpion zombie (D:5)
  A killer bee zombie (D:6)
  2 howler monkey zombies (D:7)
  6 adders
  11 gnolls
  A shadow imp (D:7)
  2 white imps (D:6)
  A worm (D:2)
  3 dart slugs
  50 orcs
  8 endoplasms
  4 giant cockroaches
  8 goblins
  10 hobgoblins
  3 jackals (D:2)
  12 kobolds
  6 quokkas
  8 ball pythons
  2 bats (D:1)
  2 frilled lizards (D:1)
838 creatures vanquished.

Vanquished Creatures (others)
  A butterfly (Lair:6)
  34 fungi
  40 plants
  4 toadstools (D:14)
79 creatures vanquished.

Grand Total: 917 creatures vanquished

Notes
Turn   | Place    | Note
-------+----------+-------------------------------------------
     0 | D:1      | Delamore the Formicid Fighter began the quest for the Orb.
     0 | D:1      | Reached XP level 1. HP: 18/18 MP: 1/1
   210 | D:1      | Reached XP level 2. HP: 24/24 MP: 2/2
   230 | D:1      | Found Ysabas's General Store.
   412 | D:1      | Found Qanoxog's Distillery.
   605 | D:1      | Reached XP level 3. HP: 29/30 MP: 3/3
   608 | D:1      | Found Optah's Magic Scroll Emporium.
   655 | D:1      | Found Fityraz's Book Boutique.
   658 | D:1      | Reached skill level 3 in Polearms
  1050 | D:1      | Found Duqeytteca's Book Shoppe.
  1259 | D:2      | Reached XP level 4. HP: 28/37 MP: 4/4
  1582 | D:2      | Found a faded altar of an unknown god.
  1954 | D:3      | Noticed an ogre
  1959 | D:3      | Killed an ogre
  1960 | D:3      | Reached skill level 4 in Polearms
  1960 | D:3      | Reached XP level 5. HP: 43/43 MP: 5/5
  2105 | D:3      | Noticed Jessica
  2110 | D:3      | Killed Jessica
  2111 | D:3      | Reached XP level 6. HP: 49/49 MP: 6/6
  2137 | D:3      | Reached skill level 5 in Polearms
  2216 | D:3      | Found a runed translucent door.
  2217 | D:3      | Noticed Crazy Yiuf
  2360 | D:3      | Killed Crazy Yiuf
  2557 | D:4      | Reached skill level 5 in Fighting
  2775 | D:4      | Found a snail-covered altar of Cheibriados.
  2778 | D:4      | Found a shadowy altar of Dithmenos.
  2780 | D:4      | Found an iron altar of Okawaru.
  2781 | D:4      | Found a radiant altar of Vehumet.
  2783 | D:4      | Found a hazy altar of Hepliaklqana.
  2784 | D:4      | Found an ancient bone altar of Kikubaaqudgha.
  3343 | D:4      | Found a shimmering blue altar of Sif Muna.
  3730 | D:5      | Entered Level 5 of the Dungeon
  3744 | D:5      | Noticed an ice beast
  3747 | D:5      | Identified the +1 dagger of Patience {drain, *Corrode rElec
                  | Will+ SInv}
  3766 | D:5      | Killed an ice beast
  3767 | D:5      | Reached skill level 6 in Polearms
  3767 | D:5      | Reached XP level 7. HP: 21/56 MP: 7/7
  3998 | D:5      | Reached skill level 7 in Polearms
  4214 | D:5      | Reached XP level 8. HP: 45/62 MP: 8/8
  4361 | D:5      | Found a blossoming altar of Fedhas.
  4361 | D:5      | Found a shimmering altar of Xom.
  4362 | D:5      | Found an opulent altar of Gozag.
  4374 | D:5      | Became a worshipper of Gozag Ym Sagoz the Greedy
  4585 | D:6      | Reached skill level 8 in Polearms
  4638 | D:6      | Identified the +1 pair of boots "Ocim Ycsug" {rElec Dex+3}
  4825 | D:6      | Noticed Grinder
  4842 | D:6      | Killed Grinder
  4843 | D:6      | Reached skill level 9 in Polearms
  5018 | D:6      | Found a white marble altar of Elyvilon.
  5088 | D:6      | Found a staircase to the Ecumenical Temple.
  5232 | D:6      | Noticed Blork the orc
  5241 | D:6      | Killed Blork the orc
  5441 | D:6      | Reached skill level 10 in Polearms
  5441 | D:6      | Reached XP level 9. HP: 68/68 MP: 9/9
  6232 | D:7      | Reached skill level 11 in Polearms
  6932 | D:8      | Noticed a hornet
  6939 | D:8      | Killed a hornet
  6940 | D:8      | Reached skill level 1 in Throwing
  7718 | D:9      | Reached skill level 12 in Polearms
  8057 | D:9      | Reached XP level 10. HP: 71/74 MP: 10/10
  8122 | D:9      | Noticed a kobold demonologist
  8134 | D:9      | Noticed a two-headed ogre
  8137 | D:9      | Killed a kobold demonologist
  8165 | D:9      | Killed a two-headed ogre
  8363 | D:9      | Found a broken altar of Ashenzari.
  8765 | D:9      | Noticed a manticore
  8780 | D:9      | Reached skill level 13 in Polearms
  8790 | D:9      | Reached skill level 5 in Throwing
  8797 | D:9      | Killed a manticore
  9136 | D:9      | Reached XP level 11. HP: 35/79 MP: 11/11
  9166 | D:9      | Reached skill level 14 in Polearms
  9561 | D:9      | Bought a runed halberd for 126 gold pieces
  9737 | D:10     | Entered Level 10 of the Dungeon
  9963 | D:10     | Found a staircase to the Lair.
  9974 | D:10     | Reached skill level 5 in Shields
 10641 | D:10     | Found a glowing silver altar of Zin.
 11300 | D:11     | Found an iron altar of Okawaru.
 11410 | D:11     | Noticed a centaur warrior
 11444 | D:11     | Killed a centaur warrior
 11863 | D:11     | Reached XP level 12. HP: 80/92 MP: 12/12
 11939 | D:11     | Noticed a two-headed ogre
 11946 | D:11     | Killed a two-headed ogre
 12054 | D:11     | Noticed a two-headed ogre
 12061 | D:11     | Killed a two-headed ogre
 12333 | Lair:1   | Entered Level 1 of the Lair of Beasts
 12398 | Lair:1   | Noticed a five-headed hydra
 12411 | Lair:1   | Killed a five-headed hydra
 12412 | Lair:1   | Reached skill level 15 in Polearms
 13067 | Lair:1   | Bought a scroll of magic mapping for 59 gold pieces
 13067 | Lair:1   | Bought a scroll of enchant weapon for 127 gold pieces
 13238 | Lair:1   | You fall into a shaft and drop 1 floor!
 13498 | Lair:1   | Reached skill level 10 in Fighting
 13962 | Lair:2   | Found a runed translucent door.
 13962 | Lair:2   | Noticed an eight-headed hydra
 13962 | Lair:2   | Noticed crabbyslav's ghost (journeyman DsVM)
 14045 | Lair:2   | Noticed a four-headed hydra
 14058 | Lair:2   | Killed a four-headed hydra
 14251 | Lair:2   | Reached skill level 16 in Polearms
 14258 | Lair:2   | Reached skill level 1 in Evocations
 14258 | Lair:2   | Reached XP level 13. HP: 55/103 MP: 13/13
 14597 | Lair:2   | Reached skill level 5 in Armour
 14874 | Lair:2   | Found a staircase to the Shoals.
 15329 | Lair:3   | Found a hole to the Spider Nest.
 15353 | Lair:3   | Reached skill level 5 in Evocations
 16517 | Lair:4   | Noticed a six-headed hydra
 16528 | Lair:4   | Killed a six-headed hydra
 16837 | Lair:4   | Bought a potion of curing for 42 gold pieces
 16837 | Lair:4   | Bought 2 potions of heal wounds for 140 gold pieces
 16837 | Lair:4   | Bought a potion of heal wounds for 70 gold pieces
 17511 | Lair:4   | Identified the +12 chain mail "Kiastryoki" {rN+ Regen+
                  | Int+7 Dex-2}
 18161 | Lair:5   | Noticed a seven-headed hydra
 18172 | Lair:5   | Killed a seven-headed hydra
 18173 | Lair:5   | Reached XP level 14. HP: 80/110 MP: 14/14
 18462 | Lair:5   | Found a staircase to the Slime Pits.
 18567 | Lair:6   | Entered Level 6 of the Lair of Beasts
 18693 | Lair:6   | Reached skill level 10 in Armour
 18754 | Lair:6   | Reached skill level 10 in Evocations
 19873 | Lair:6   | Bought a dazzling lajatang for 520 gold pieces
 19873 | Lair:6   | Identified the +3 lajatang of the Blind Eye {vorpal, *Rage
                  | rC+ rCorr Stlth+} (You bought it in a shop on level 6 of
                  | the Lair of Beasts)
 19986 | Lair:6   | Reached XP level 15. HP: 95/119 MP: 15/15
 19999 | Lair:6   | Reached skill level 1 in Staves
 20159 | Lair:6   | Identified the +10 trident of Imbalance {flame, *Corrode
                  | Dex+6}
 20837 | D:12     | Found a runed translucent door.
 20957 | D:12     | Reached skill level 10 in Shields
 20999 | D:12     | Found a staircase to the Orcish Mines.
 21348 | D:12     | Identified a scroll of acquirement
 21348 | D:12     | Acquired 646 gold pieces
 21717 | D:12     | Reached skill level 5 in Staves
 22055 | D:12     | Identified the +8 lajatang of Anxiety {flame, *Rage Will+
                  | Stlth+}
 22252 | Orc:1    | Entered Level 1 of the Orcish Mines
 22268 | Orc:1    | Found Vexuh's Armour Shoppe.
 22287 | Orc:1    | Bought a scarf of resistance for 384 gold pieces
 22367 | Orc:1    | Found a dark tunnel.
 22376 | Volcano  | Entered a volcano
 22555 | Volcano  | Found a bloodstained altar of Trog.
 23077 | Orc:2    | Entered Level 2 of the Orcish Mines
 23197 | Orc:2    | Found a staircase to the Elven Halls.
 23252 | Orc:2    | Reached XP level 16. HP: 124/129 MP: 16/16
 23342 | Orc:2    | Noticed Josephine
 23367 | Orc:2    | Killed Josephine
 23684 | Orc:2    | Found Ophis's General Store.
 23684 | Orc:2    | Found Dorgha's Magic Scroll Emporium.
 23686 | Orc:2    | Found Budiqoos's Armour Shoppe.
 23688 | Orc:2    | Found Mees's Magic Scroll Shop.
 23693 | Orc:2    | Bought a scroll of acquirement for 832 gold pieces
 23700 | Orc:2    | Bought a scroll of fear for 52 gold pieces
 23700 | Orc:2    | Bought a scroll of fog for 30 gold pieces
 23700 | Orc:2    | Acquired 694 gold pieces
 24050 | D:12     | Bought a pair of glowing gloves for 165 gold pieces
 24099 | D:13     | Noticed Snorg
 24108 | D:13     | Killed Snorg
 24400 | D:13     | Found a gate to the Vaults.
 24838 | D:14     | Found a frozen archway.
 24873 | IceCv    | Entered an ice cave
 25170 | IceCv    | Identified the amulet "Custaergh" {Faith Str+4 Dex+8}
 25729 | D:14     | Identified Roxanne's Catalogue of the Rocks
 25729 | D:14     | Noticed Roxanne
 25753 | D:14     | Killed Roxanne
 25891 | D:14     | Reached XP level 17. HP: 139/139 MP: 17/17
 25982 | D:15     | Entered Level 15 of the Dungeon
 26565 | D:15     | Found a staircase to the Depths.
 27419 | Spider:1 | Entered Level 1 of the Spider Nest
 27510 | Spider:1 | Reached skill level 15 in Fighting
 27926 | Spider:2 | Reached skill level 15 in Shields
 28726 | Spider:2 | Reached XP level 18. HP: 149/149 MP: 18/18
 30530 | Spider:4 | Entered Level 4 of the Spider Nest
 30636 | Spider:4 | Succumbed to a redback's poison

Illustrated notes

Levels and vault maps discovered:
D:1:      elethiomel_arrival_maze, layout_loops_ring, serial_shops, shop, shop,
          nicolae_shop_window_shopping, nicolae_shop_statue_plus,
          nicolae_diamond_shop, st_stairs_5, serial_park_tiny_1,
          grunt_decor_arrowhead, bh_walls_and_bars
D:2:      layout_basic, basic_ecumenical_altar
D:3:      layout_rooms, kennysheep_small_spiral, uniq_crazy_yiuf_cottage,
          uniq_jessica
D:4:      layout_basic, grunt_temple_overflow_open, lemuel_blue_sif_altar,
          hangedman_abyss_or_decor_passed
D:5:      layout_cave_pools, gammafunk_temple_overflow_forgotten
D:6:      layout_loops_ring, overflow_temple_1_default,
          minmay_temple_entry_mist, uniq_grinder, uniq_blork_the_orc
D:7:      layout_rooms
D:8:      layout_basic
D:9:      layout_grid_maze, kennysheep_little_box
D:10:     layout_cave_pods, lemuel_round_altar, erik_lair_island,
          serial_bayou_ford_a
D:11:     layout_roguey, okawaru_humans
D:12:     gammafunk_mikee_crab_dinner, layout_basic, erik_orc_4
D:13:     layout_cross, lightli_vaults_fourway_checkpoint, uniq_snorg
D:14:     layout_gridville, portal_ice_cave_rime, minmay_gold_behind_fungi,
          uniq_roxanne
D:15:     grunt_enter_depths_snipers, layout_basic, serial_bayou_shore_a
Lair:1:   layout_regular_city, dpeg_stationary_puzzle
Lair:2:   layout_big_grid, minmay_shoals_entry_lonely_mermaid,
          ebering_ghost_inner_flame
Lair:3:   layout_misc_corridors, nicolae_spider_entry_tight_spaces,
          patterned_corridor
Lair:4:   layout_hall_layers, chequers_serial_rivers_large_a
Lair:5:   layout_regular_city, dpeg_slime_entry_corner
Lair:6:   grunt_lair_end_beastmaster, layout_small_grid, grunt_megastairs_5,
          minmay_lair_oklob_chamber, lemuel_fruit_fields
Spider:1: layout_spider_delve
Spider:2: lemuel_spider_zombies, nicolae_spider_orb_run
Spider:3: nicolae_spider_hilbert_zone_7 [nicolae_spider_hilbert_4_sides_1_open,
          nicolae_spider_hilbert_4_sides_1_open,
          nicolae_spider_hilbert_4_sides_1_open,
          nicolae_spider_hilbert_4_sides_1_open,
          nicolae_spider_hilbert_3_sides_1_open,
          nicolae_spider_hilbert_3_sides_1_open,
          nicolae_spider_hilbert_3_sides_1_open,
          nicolae_spider_hilbert_3_sides_1_open,
          nicolae_spider_hilbert_4_sides_1_open,
          nicolae_spider_hilbert_4_sides_1_open,
          nicolae_spider_hilbert_4_sides_1_open,
          nicolae_spider_hilbert_2_sides_1_open,
          nicolae_spider_hilbert_2_sides_1_open,
          nicolae_spider_hilbert_2_sides_1_open,
          nicolae_spider_hilbert_2_sides_1_open,
          nicolae_spider_hilbert_2_sides_1_open,
          nicolae_spider_hilbert_2_sides_1_open]
Spider:4: grunt_spider_rune_circles
Orc:1:    layout_diamond_mine, basic_altar, enter_volcano_2, serial_shops,
          nicolae_shop_statue_plus, nicolae_orc_lava_room
Orc:2:    st_orc_rangers, layout_diamond_mine, uniq_josephine

Skill      XL: |  1  2  3  4  5  6  7  8  9 10 11 12 13 14 15 16 17 18 |
---------------+-------------------------------------------------------+-----
Polearms       | 3 4 6 7 10 12 13 14 16 | 16.5
Fighting       | 4 5 7 10 11 12 14 15 | 15.0
Throwing       | 3 5 6 7 9 |  9.0
Shields        | 7 9 11 13 15 | 15.0
Evocations     | 1 8 10 11 12 | 12.1
Armour         | 9 10 11 12 | 12.1
Staves         | 7 9 |  9.3

Action                   |  1- 3 |  4- 6 |  7- 9 | 10-12 | 13-15 | 16-18 || total
-------------------------+-------+-------+-------+-------+-------+-------++-------
Melee: Trident           |   116 |   178 |   336 |   185 |    29 |       ||   844
       Halberd           |       |       |       |   296 |   765 |       ||  1061
       Lajatang          |       |       |       |       |   284 |  1228 ||  1512
Throw: Dart              |       |     3 |     6 |    14 |       |       ||    23
       Boomerang         |       |       |       |       |    48 |    12 ||    60
Invok: Call Merchant     |       |       |       |     2 |     2 |     3 ||     7
 Abil: Dig               |       |     1 |     9 |     7 |    12 |    22 ||    51
Evoke: Wand              |       |       |       |       |     4 |     2 ||     6
  Use: Scroll            |     5 |     5 |     7 |     4 |     5 |     6 ||    32
       Potion            |       |       |       |     2 |     4 |     4 ||    10
 Stab: Distracted        |       |       |     3 |     2 |     9 |     6 ||    20
       Petrified         |       |       |       |       |     6 |     5 ||    11
       Paralysed         |       |       |       |       |     4 |     2 ||     6
       Petrifying        |       |       |       |       |     1 |     1 ||     2
       Held in net/web   |       |       |       |       |       |     2 ||     2
Armor: Scale mail        |    38 |    51 |    82 |   115 |    53 |       ||   339
       Chain mail        |       |       |       |       |   474 |   700 ||  1174
Dodge: Dodged            |    37 |    40 |    68 |   116 |   253 |   347 ||   861
Block: Kite shield       |    40 |    91 |   144 |   216 |   510 |   815 ||  1816

Table legend: (Time is in decaauts)
 A = Elapsed time spent in this place.
 B = Non-inter-level travel time spent in this place.
 C = Inter-level travel time spent in this place.
 D = Time resting spent in this place.
 E = Time spent auto-exploring this place.
 F = Levels seen in this place.
 G = Mean time per level.
                   A        B        C        D        E       F      G
               +--------+--------+--------+--------+--------+-----+--------+
         Total |  30075 |  28396 |   1679 |   4593 |  18083 |  29 | 1037.1 |
       Dungeon |  17165 |  16310 |    855 |   3177 |  10324 |  15 | 1144.3 |
          Lair |   7769 |   7179 |    590 |   1278 |   4569 |   6 | 1294.8 |
   Spider Nest |   3016 |   2955 |     61 |    120 |   1915 |   4 |  754.0 |
  Orcish Mines |   1409 |   1237 |    172 |     14 |    848 |   2 |  704.5 |
      Ice Cave |    398 |    398 |      0 |      3 |    240 |   1 |  398.0 |
       Volcano |    316 |    316 |      0 |      0 |    187 |   1 |  316.0 |
               +--------+--------+--------+--------+--------+-----+--------+

Top non-repeatable levels by time:
    D:10: 2111 daAuts
  Lair:2: 2085 daAuts
     D:9: 1760 daAuts
  Lair:6: 1742 daAuts
    D:12: 1488 daAuts
Spider:3: 1464 daAuts
     D:6: 1457 daAuts
  Lair:4: 1405 daAuts
     D:1: 1249 daAuts
     D:4: 1188 daAuts
    D:15: 1157 daAuts
    D:11: 1148 daAuts
     D:8: 1112 daAuts
  Lair:5: 957 daAuts
Spider:2: 954 daAuts
